 Dungeon Crawl Stone Soup version 0.26-a0-21-gf97e55dc39 (webtiles) character file.

Game seed: 7067457014276529381, levelgen mode: deterministic

159537 vurker the Stormcaller (level 17, 0/106 HPs)
             Began as a Tengu Air Elementalist on May 26, 2020.
             Was a High Priest of Vehumet.
             Shot with a bolt by a naga sharpshooter (27 damage)
             ... on level 4 of the Snake Pit.
             The game lasted 01:26:24 (52160 turns).

vurker the Stormcaller (Tengu Air Elementalist)    Turns: 52160, Time: 01:26:24

Health: 0/106      AC:  9    Str:  7    XL:     17   Next: 74%
Magic:  28/46      EV: 23    Int: 22    God:    Vehumet [*****.]
Gold:   2453       SH:  0    Dex: 15    Spells: 18/46 levels left

rFire    + + .     SeeInvis .   a - +5 lajatang of Floods {vorpal, rElec rF+ rC+ Str-2}
rCold    + + .     Gourm    .   (shield currently unavailable)
rNeg     . . .     Faith    .   M - +2 robe {rC+ rF+}
rPois    +         Spirit   .   L - +1 hat
rElec    +         Reflect  .   m - +0 cloak
rCorr    .         Harm     .   b - +2 pair of gloves
MR       +....                  (boots unavailable)
Stlth    ++........             D - amulet of magic regeneration
HPRegen  0.27/turn              d - ring of magical power
MPRegen  0.55/turn              I - ring of poison resistance

@: flying quickly and evasively, quick
A: beak, talons 3, able to fly
a: Stop Flying, Renounce Religion


You were on level 4 of the Snake Pit.
You worshipped Vehumet.
Vehumet was extremely pleased with you.
You were not hungry.

You visited 5 branches of the dungeon, and saw 28 of its levels.

You collected 3227 gold pieces.
You spent 774 gold pieces at shops.

Inventory:

Hand Weapons
 a - the +5 lajatang of Floods (weapon) {vorpal, rElec rF+ rC+ Str-2}
   (You acquired it on level 15 of the Dungeon)

   It inflicts extra damage upon your enemies.
   It affects your strength (-2).
   It protects you from fire.
   It protects you from cold.
   It insulates you from electricity.
Armour
 b - a +2 pair of gloves (worn)
   (You found it on level 5 of the Dungeon)
 i - a +2 cloak of preservation
   (You found it on level 3 of the Snake Pit)
 m - a +0 cloak (worn)
   (You took it off Crazy Yiuf on level 3 of the Dungeon)
 C - the +1 robe of Action {MR++}
   (You took it off a skeletal warrior on level 14 of the Dungeon)

   It affects your resistance to hostile enchantments.
 L - a +1 hat (worn)
   (You found it on level 15 of the Dungeon)
 M - a +2 robe of resistance (worn)
   (You took it off Josephine on level 1 of the Orcish Mines)
Magical Staves
 K - an uncursed staff of cold
   (You found it on level 2 of the Orcish Mines)
Jewellery
 d - a ring of magical power (left hand)
   (You bought it in a shop on level 1 of the Orcish Mines)
 D - an amulet of magic regeneration (around neck)
   (You found it on level 1 of the Lair of Beasts)
 G - an uncursed ring of protection from fire
   (You found it on level 6 of the Lair of Beasts)
 I - a ring of poison resistance (right hand)
   (You found it on level 2 of the Lair of Beasts)
 N - an uncursed ring of resist corrosion
   (You found it on level 12 of the Dungeon)
 P - an uncursed ring of protection from magic
   (You took it off a naga sharpshooter on level 3 of the Snake Pit)
Wands
 t - a wand of flame (32)
   (You found it on level 9 of the Dungeon)
 u - a wand of paralysis (9)
   (You found it on level 13 of the Dungeon)
 v - a wand of digging (10)
   (You found it on level 6 of the Lair of Beasts)
 w - a wand of polymorph (11)
   (You took it off Erolcha on level 9 of the Dungeon)
 x - a wand of acid (11)
   (You found it on level 12 of the Dungeon)
 B - a wand of enslavement (15)
   (You took it off a wight on level 9 of the Dungeon)
 R - a wand of clouds (4)
   (You found it on level 13 of the Dungeon)
Scrolls
 g - 2 scrolls of remove curse
 j - 8 scrolls of teleportation
 k - 3 scrolls of immolation
 o - 4 scrolls of magic mapping
 p - 4 scrolls of enchant weapon
 r - 3 scrolls of fear
 s - 3 scrolls of brand weapon
 A - 6 scrolls of fog
 F - a scroll of enchant armour
 J - a scroll of blinking
 O - 4 scrolls of identify
 Q - 2 scrolls of vulnerability
Potions
 c - 6 potions of haste
 f - 23 potions of curing
 h - a potion of experience {unknown}
 l - 4 potions of lignification
 n - 2 potions of ambrosia
 q - a potion of magic
 z - 4 potions of invisibility
 H - a potion of cancellation
 U - a potion of brilliance
Miscellaneous
 y - 2 phantom mirrors
 E - a tin of tremorstones (3/3)
   (You found it on level 1 of the Lair of Beasts)
Comestibles
 e - 20 rations


   Skills:
 + Level 12.2 Fighting
 * Level 6.1 Staves
 - Level 10.0 Dodging
 - Level 2.0 Stealth
   Level 4.0 Shields
 * Level 15.4 Spellcasting
 + Level 15.3 Conjurations
 * Level 20.7 Air Magic


You had 18 spell levels left.
You knew the following spells:

 Your Spells              Type           Power        Failure   Level  Hunger
a - Shock                 Conj/Air       ####         0%          1    None
b - Lightning Bolt        Conj/Air       #######...   1%          5    ##.....
c - Airstrike             Air            #######...   0%          4    None
d - Iron Shot             Conj/Erth      ######....   6%          6    #####..
q - Conjure Ball Lightni  Conj/Air       #######...   1%          6    #####..
z - Freezing Cloud        Conj/Ice/Air   ######....   1%          6    #####..

Your spell library contained the following spells:

 Spells                   Type           Power        Failure   Level  Hunger
 Spellforged Servitor     Conj/Summ      ######....   30%         7    ######.
 Magic Dart               Conj           ####         0%          1    None
 Searing Ray              Conj           ######       0%          2    None
 Static Discharge         Conj/Air       #######.     0%          3    None
 Foxfire                  Conj/Fire      ####         1%          1    None
 Swiftness                Chrm/Air       ######..     1%          2    None
 Conjure Flame            Conj/Fire      ######..     1%          3    None
 Dazzling Flash           Conj/Hex       ######       1%          3    None
 Stone Arrow              Conj/Erth      ######       1%          3    None
 Fulminant Prism          Conj/Hex       ######....   1%          4    None
 Hailstorm                Conj/Ice       ######..     1%          4    None
 Iskenderun's Mystic Bla  Conj/Tloc      ######..     1%          4    None
 Sticky Flame             Conj/Fire      ######..     1%          4    None
 Fireball                 Conj/Fire      ######....   1%          5    ##.....
 Beastly Appendage        Tmut           ###...       3%          1    None
 Corona                   Hex            ###....      3%          1    None
 Inner Flame              Hex/Fire       ###.....     3%          3    None
 Slow                     Hex            ###.....     5%          2    None
 Sticks to Snakes         Tmut           ###.....     5%          2    None
 Gell's Gravitas          Tloc           ###.......   11%         3    None
 Lesser Beckoning         Tloc           ###.......   11%         3    None
 Portal Projectile        Hex/Tloc       ###...       11%         3    None
 Spider Form              Tmut/Pois      ###.......   11%         3    None
 Teleport Other           Tloc           ###.....     11%         3    None
 Cause Fear               Hex            ###.......   34%         4    None
 Ice Form                 Ice/Tmut       ###.....     34%         4    None
 Leda's Liquefaction      Hex/Erth       ###.......   34%         4    None
 Blade Hands              Tmut           ###.......   67%         5    ##.....
 Dispersal                Tloc           ###.......   99%         6    #####..
 Controlled Blink         Tloc           N/A          100%        8    #######
 Disjunction              Tloc           ###.......   100%        8    #######


Dungeon Overview and Level Annotations

Branches:
Dungeon (15/15)            Temple (1/1) D:6            Lair (6/6) D:9
  Swamp (0/4) Lair:2        Snake (4/4) Lair:3        Slime (0/5) Lair:5
    Orc (2/2) D:10            Elf (0/3) Orc:2        Vaults (0/5) D:14
 Depths (0/5) D:15

Altars:
Ashenzari
Cheibriados
Dithmenos
Elyvilon
Fedhas
Gozag
Hepliaklqana
Kikubaaqudgha
Makhleb
Nemelex Xobeh
Okawaru
Qazlal
Ru
Sif Muna
Uskayaw
Vehumet
Xom
Yredelemnul
Zin
The Shining One
Beogh
Jiyva

Shops:
D:7 %   Orc:1 =(   Orc:2 }[[**

Annotations:
D:4 1 runed translucent door, balackLT's ghost, amateur TrMo
Snake:3 Asterion; Bai Suzhen


Innate Abilities, Weirdness & Mutations

You have a beak for a mouth.
You have claws for feet.
You can fly continuously.


Message History

An anaconda comes into view.
Aim: a naga sharpshooter, wielding a +0 arbalest and quivering 24 bolts (moderately wounded)
The air twists around and strikes the naga sharpshooter!!
The anaconda hisses angrily.
Aim: a naga sharpshooter, wielding a +0 arbalest and quivering 24 bolts (heavily wounded)
The air twists around and strikes the naga sharpshooter!
The naga sharpshooter casts a spell.
The naga sharpshooter magically shoots a bolt.
The bolt hits you!!
The naga sharpshooter casts a spell.
The naga sharpshooter magically shoots an arrow.
The arrow hits you!
You create some ball lightning! 3 ball lightnings come into view.
The naga sharpshooter shoots a bolt.
The bolt completely misses you. The anaconda closely misses you.
The anaconda bites you!
* * * LOW HITPOINT WARNING * * *
Your ball lightning explodes!
The blast of lightning engulfs your ball lightning.
Your ball lightning completely resists.
The blast of lightning engulfs the anaconda!
Your ball lightning explodes!
The blast of lightning engulfs the anaconda!!
The blast of lightning engulfs you. You resist.
* * * LOW HITPOINT WARNING * * *
The blast of lightning engulfs your ball lightning.
Your ball lightning completely resists.
Your ball lightning explodes!
The blast of lightning engulfs the anaconda!!
You kill the anaconda!
Vehumet accepts your kill. The blast of lightning engulfs you! You resist.
* * * LOW HITPOINT WARNING * * *
The naga sharpshooter shoots a bolt.
The bolt completely misses you.
You hear a shout! x2
You see here 2 bolts.
As you read the scroll of fear, it crumbles to dust.
You assume a fearsome visage.
The naga sharpshooter resists with some effort. x2
The naga sharpshooter gestures wildly while chanting.
The naga sharpshooter magically shoots an arrow.
The arrow hits you!
* * * LOW HITPOINT WARNING * * *
Unknown command.
The naga sharpshooter spits poison at you.
The splash of poison misses you.
The naga sharpshooter casts a spell.
The naga sharpshooter magically shoots a bolt.
The bolt hits you!!
You die...

## <.) #######
#..#....^##
#..8...8.##
##..)..(...##
#.8..†@(..8.#
..N.÷..÷....##
.....8...8.##
..........##
.N....#####
.....# #....
#....


You could see 2 naga sharpshooters.

Vanquished Creatures
  Frances (Snake:1)
  Agnes (Snake:1)
  Kirke (Snake:1)
  4 orc warlords
  Aizul (Snake:3)
  A frost giant (D:15)
  Nessos (Lair:4)
  A fire dragon (Lair:6)
  Josephine (Orc:1)
  Erolcha (D:9)
  5 naga warriors
  Erica (D:9)
  Harold (D:7)
  7 anacondas
  9 hydras
  5 ogre magi
  3 death knights
  3 centaur warriors
  Urug (D:10)
  23 two-headed ogres
  2 tengu warriors (D:14)
  An orc high priest (Orc:1)
  3 death yaks
  3 shock serpents
  A deep elf knight (D:14)
  3 naga sharpshooters
  An iron troll (shapeshifter) (D:14)
  2 salamander mystics
  2 fire crabs
  4 skeletal warriors
  2 unseen horrors
  4 naga ritualists
  A wolf spider zombie (D:14)
  10 orc knights
  A phantasmal warrior (D:15)
  5 deep elf magi
  4 mana vipers
  2 orc sorcerers (Orc:1)
  An oklob plant (Lair:6)
  15 ugly things
  4 cyclopes
  17 elephants
  3 salamanders
  A guardian serpent (Snake:2)
  39 black mambas
  A manticore (D:15)
  A torpor snail (Lair:5)
  10 naga magi
  2 molten gargoyles (Lair:6)
  An ice statue (Lair:1)
  13 spiny frogs
  A kobold demonologist (D:14)
  2 yaktaurs (D:15)
  3 rime drakes
  An efreet (D:14)
  10 komodo dragons
  A redback zombie (D:15)
  4 freezing wraiths
  6 trolls
  A hornet (D:8)
  3 polar bears
  17 blink frogs
  4 slime creatures (D:13)
  12 hippogriffs
  6 wyverns
  7 wraiths
  A vampire (D:14)
  A human (Snake:1)
  49 yaks
  11 basilisks
  3 hungry ghosts
  6 hogs (Snake:1)
  2 steam dragons (Lair:6)
  5 wargs
  15 nagas
  Duvessa (D:6)
  3 hell hounds (Lair:6)
  9 water moccasins
  9 porcupines
  6 sky beasts
  2 ice beasts
  38 orc warriors
  30 ogres
  2 necrophages
  3 phantoms
  4 wolves (Lair:3)
  3 centaurs
  8 crocodiles
  Blork the orc (D:6)
  5 big kobolds
  21 bullfrogs
  2 gnoll sergeants
  A wyvern zombie (D:12)
  Dowan (D:6)
  A water moccasin zombie (D:7)
  A wyvern skeleton (D:14)
  4 scorpions
  5 killer bees (D:12)
  2 electric eels
  13 wights
  3 howler monkeys
  5 lava snakes (Lair:6)
  4 crimson imps
  3 centaur zombies
  16 orc priests
  3 jellies (D:10)
  A bullfrog zombie (D:12)
  3 quasits
  Crazy Yiuf (D:3)
  6 centaur skeletons
  8 hounds
  37 orc wizards
  A gnoll shaman (D:4)
  8 iguanas
  11 worker ants
  Terence (D:3)
  A hound zombie (D:5)
  Robin (D:4)
  2 howler monkey skeletons
  11 gnolls
  9 adders
  8 shadow imps
  6 oozes
  An adder skeleton (D:4)
  2 adder zombies
  A worm (D:2)
  4 dart slugs
  3 leopard geckos
  108 orcs
  11 bats
  6 giant cockroaches
  16 goblins
  7 hobgoblins
  14 jackals
  4 quokkas
  A ball python (D:2)
  4 frilled lizards
  9 kobolds
  2 quokka skeletons
  7 rats
  2 plants (Lair:6)
927 creatures vanquished.

Vanquished Creatures (others)
  81 ball lightnings
  A butterfly (Lair:6)
  26 fungi
  26 plants
  A withered plant (D:4)
135 creatures vanquished.

Grand Total: 1062 creatures vanquished

Notes
Turn   | Place    | Note
-------+----------+-------------------------------------------
     0 | D:1      | vurker the Tengu Air Elementalist began the quest for the
                  | Orb.
     0 | D:1      | Reached XP level 1. HP: 10/10 MP: 4/4
   206 | D:1      | Reached XP level 2. HP: 16/16 MP: 4/6
  1279 | D:1      | Reached XP level 3. HP: 20/20 MP: 5/7
  1436 | D:2      | Found a sacrificial altar of Ru.
  1466 | D:2      | Reached skill level 1 in Fighting
  1814 | D:2      | Found a hide-covered altar of Uskayaw.
  2966 | D:2      | Found a basalt altar of Yredelemnul.
  2968 | D:2      | Found a bloodstained altar of Trog.
  2968 | D:2      | Found a shimmering altar of Xom.
  2970 | D:2      | Found a hazy altar of Hepliaklqana.
  2970 | D:2      | Found a glowing silver altar of Zin.
  2970 | D:2      | Found an opulent altar of Gozag.
  3208 | D:3      | Reached XP level 4. HP: 25/25 MP: 4/9
  3438 | D:3      | Reached skill level 5 in Air Magic
  3585 | D:3      | Noticed Terence
  3753 | D:3      | Found a runed translucent door.
  3754 | D:3      | Noticed Crazy Yiuf
  3920 | D:4      | Noticed a phantom
  4090 | D:4      | Gained mutation: You can fly continuously. [Tengu growth]
  4090 | D:4      | Reached XP level 5. HP: 15/29 MP: 1/10
  4151 | D:4      | Noticed Robin
  4344 | D:3      | Learned a level 5 spell: Lightning Bolt
  4349 | D:3      | Learned a level 4 spell: Airstrike
  4459 | D:4      | Killed a phantom
  4871 | D:4      | Reached XP level 6. HP: 25/35 MP: 4/12
  5135 | D:3      | Found a stormy altar of Qazlal.
  5195 | D:3      | Reached skill level 6 in Air Magic
  5469 | D:3      | Killed Terence
  5557 | D:3      | Found a sparkling altar of Nemelex Xobeh.
  5621 | D:3      | Killed Crazy Yiuf
  5950 | D:4      | Killed Robin
  6089 | D:4      | Reached XP level 7. HP: 40/40 MP: 10/14
  6165 | D:4      | Found an iron altar of Okawaru.
  6172 | D:4      | Found a shattered altar of Ashenzari.
  6233 | D:4      | Found a shadowy altar of Dithmenos.
  6384 | D:4      | Found a shimmering blue altar of Sif Muna.
  6508 | D:4      | Found a runed translucent door.
  6509 | D:4      | Noticed balackLT's ghost (amateur TrMo)
  6653 | D:5      | Entered Level 5 of the Dungeon
  6902 | D:5      | Noticed a hippogriff
  6963 | D:5      | Killed a hippogriff
  6963 | D:5      | Reached skill level 7 in Air Magic
  7143 | D:5      | Found a runed translucent door.
  7723 | D:5      | Reached skill level 5 in Spellcasting
  7723 | D:5      | Reached XP level 8. HP: 46/46 MP: 11/16
  7780 | D:5      | Reached skill level 5 in Conjurations
  7783 | D:5      | Reached skill level 8 in Air Magic
  8366 | D:5      | Found a roughly hewn altar of Beogh.
  8800 | D:5      | Found a roughly hewn altar of Beogh.
  9241 | D:6      | Found a staircase to the Ecumenical Temple.
  9498 | D:6      | Reached skill level 9 in Air Magic
  9553 | Temple   | Entered the Ecumenical Temple
  9607 | Temple   | Became a worshipper of Vehumet
  9765 | D:6      | Noticed Blork the orc
  9769 | D:6      | Killed Blork the orc
  9769 | D:6      | Reached XP level 9. HP: 45/52 MP: 2/19
 10161 | D:6      | Noticed Duvessa
 10161 | D:6      | Noticed Dowan
 10188 | D:6      | Killed Duvessa
 10192 | D:6      | Killed Dowan
 10795 | D:6      | Reached skill level 10 in Air Magic
 11250 | D:6      | Reached skill level 5 in Fighting
 11352 | D:7      | Reached * piety under Vehumet
 11352 | D:7      | Offered knowledge of Freeze by Vehumet.
 11526 | D:7      | Noticed Harold
 11818 | D:7      | Found a white marble altar of Elyvilon.
 11897 | D:7      | Got a steaming leather armour
 11924 | D:7      | Identified the cursed +1 leather armour "Xuluxzos" {Harm
                  | rPois Slay-3 SInv} (You found it on level 7 of the Dungeon)
 12099 | D:7      | Found Bexev's Food Shoppe.
 12554 | D:7      | Found a snail-covered altar of Cheibriados.
 12624 | D:7      | Killed Harold
 12624 | D:7      | Reached skill level 11 in Air Magic
 12624 | D:7      | Reached XP level 10. HP: 60/60 MP: 1/22
 14032 | D:9      | Noticed Erica
 14043 | D:9      | Killed Erica
 14043 | D:9      | Reached skill level 12 in Air Magic
 14217 | D:9      | Noticed an elephant
 14478 | D:9      | Noticed Erolcha
 14486 | D:9      | Killed Erolcha
 14486 | D:9      | Reached XP level 11. HP: 66/66 MP: 3/25
 14692 | D:9      | Found a staircase to the Lair.
 14817 | D:9      | Reached ** piety under Vehumet
 14817 | D:9      | Offered knowledge of Foxfire by Vehumet.
 15638 | D:9      | Reached skill level 13 in Air Magic
 16321 | D:10     | Entered Level 10 of the Dungeon
 16321 | D:10     | Found a staircase to the Orcish Mines.
 16345 | D:10     | Offered knowledge of Frozen Ramparts by Vehumet.
 16656 | D:10     | Noticed Urug
 16667 | D:10     | Killed Urug
 17057 | D:10     | Found a radiant altar of Vehumet.
 17144 | D:10     | Reached *** piety under Vehumet
 17521 | D:11     | Noticed a two-headed ogre
 17539 | D:11     | Killed a two-headed ogre
 17987 | D:11     | Noticed a five-headed hydra
 18028 | D:11     | Killed a five-headed hydra
 18028 | D:11     | Reached skill level 10 in Spellcasting
 18389 | D:11     | Noticed a death knight
 18405 | D:11     | Offered knowledge of Conjure Flame by Vehumet.
 18914 | Lair:1   | Entered Level 1 of the Lair of Beasts
 18919 | Lair:1   | Reached skill level 10 in Conjurations
 19112 | Lair:1   | Reached XP level 12. HP: 73/73 MP: 10/27
 19200 | Lair:1   | Got a jewelled eveningstar
 19201 | Lair:1   | Identified the +2 eveningstar of Greed {speed, Str+4} (You
                  | found it on level 1 of the Lair of Beasts)
 19203 | Lair:1   | Identified the Volume of Twisted Combat Magic
 19301 | Lair:1   | Reached skill level 14 in Air Magic
 19486 | Lair:1   | Found a frozen archway.
 20040 | Lair:2   | Found a shimmering blue altar of Sif Muna.
 20317 | Lair:2   | Noticed an eight-headed hydra
 20366 | Lair:2   | Killed an eight-headed hydra
 20523 | Lair:2   | Found a staircase to the Swamp.
 21080 | Lair:3   | Reached skill level 5 in Dodging
 21158 | Lair:3   | Reached **** piety under Vehumet
 21218 | Lair:3   | Got a polished long sword
 21219 | Lair:3   | Identified the +8 long sword "Ituk" {vorpal, rF+ rN+ MR+
                  | Str+4} (You found it on level 3 of the Lair of Beasts)
 21388 | Lair:3   | Reached skill level 15 in Air Magic
 21416 | Lair:3   | Found a staircase to the Snake Pit.
 21730 | Lair:3   | Offered knowledge of Olgreb's Toxic Radiance by Vehumet.
 21859 | Lair:2   | Reached XP level 13. HP: 69/79 MP: 3/29
 22432 | Lair:3   | Found a staircase to the Snake Pit.
 23702 | Lair:4   | Noticed Nessos
 23707 | Lair:4   | Killed Nessos
 23707 | Lair:4   | Reached skill level 16 in Air Magic
 25234 | Lair:4   | Reached ***** piety under Vehumet
 25234 | Lair:4   | Offered knowledge of Conjure Ball Lightning by Vehumet.
 25278 | Lair:4   | Learned a level 6 spell: Conjure Ball Lightning
 25623 | Lair:5   | Found a staircase to the Slime Pits.
 25623 | Lair:5   | Found a viscous altar of Jiyva.
 26047 | Lair:5   | Reached XP level 14. HP: 80/87 MP: 12/31
 26313 | Lair:6   | Entered Level 6 of the Lair of Beasts
 26471 | Lair:6   | Reached skill level 17 in Air Magic
 27089 | Lair:6   | Reached skill level 10 in Fighting
 27501 | Lair:6   | Got a translucent scimitar
 27502 | Lair:6   | Identified the +3 scimitar of Death's Door {pain, *Rage MR+
                  | Str+2} (You found it on level 6 of the Lair of Beasts)
 28026 | Lair:6   | Offered knowledge of Iron Shot by Vehumet.
 28034 | Lair:6   | Learned a level 6 spell: Iron Shot
 28476 | Lair:6   | Found a large runed translucent door.
 28476 | Lair:6   | Found a large runed translucent door.
 28985 | Orc:1    | Entered Level 1 of the Orcish Mines
 28991 | Orc:1    | Noticed an orc warlord
 29062 | Orc:1    | Noticed Josephine
 29063 | Orc:1    | Found a roughly hewn altar of Beogh.
 29430 | Orc:1    | Found Nynnaq's Jewellery Shoppe.
 29443 | Orc:1    | Found Guoxubipt's Weapon Shoppe.
 29850 | Orc:1    | Killed an orc warlord
 30040 | Orc:1    | Reached skill level 18 in Air Magic
 30110 | Orc:1    | Killed Josephine
 30382 | Orc:2    | Entered Level 2 of the Orcish Mines
 30382 | Orc:2    | Found a staircase to the Elven Halls.
 30393 | Orc:2    | Reached XP level 15. HP: 93/93 MP: 3/33
 31032 | Orc:2    | Found Wutacw's General Store.
 31322 | Orc:2    | Paralysed by an ogre mage for 3 turns
 31792 | Orc:2    | Reached ****** piety under Vehumet
 31792 | Orc:2    | Offered knowledge of Freezing Cloud by Vehumet.
 31804 | Orc:2    | Learned a level 6 spell: Freezing Cloud
 32366 | Orc:2    | Noticed an orc warlord
 32588 | Orc:2    | Killed an orc warlord
 32690 | Orc:2    | Noticed an orc warlord
 32819 | Orc:2    | Killed an orc warlord
 32908 | Orc:2    | Noticed an orc warlord
 34098 | Orc:1    | Offered knowledge of Bolt of Magma by Vehumet.
 35744 | Orc:2    | Killed an orc warlord
 35922 | Orc:2    | Reached skill level 19 in Air Magic
 36224 | Orc:2    | Found Nighaw's Antique Armour Boutique.
 36224 | Orc:2    | Found Bonomponk's Gadget Shoppe.
 36225 | Orc:2    | Found Xalostrui's General Store.
 36225 | Orc:2    | Found Gebi's Antique Armour Boutique.
 36234 | Orc:2    | Bought a glowing buckler for 217 gold pieces
 36329 | Orc:2    | Bought a runed robe for 85 gold pieces
 36339 | Orc:2    | Bought a runed robe for 85 gold pieces
 36351 | Orc:2    | Bought a glowing robe for 107 gold pieces
 36464 | Orc:1    | Bought an uncursed ring of magical power for 280 gold
                  | pieces
 37438 | D:11     | Reached skill level 1 in Shields
 38876 | D:13     | Reached XP level 16. HP: 100/100 MP: 25/35
 39483 | D:13     | Got a dazzling hunting sling
 40089 | D:14     | Offered knowledge of Irradiate by Vehumet.
 41540 | D:14     | Found a gate to the Vaults.
 42518 | D:14     | Found a gate to the Vaults.
 42683 | D:15     | Entered Level 15 of the Dungeon
 42725 | D:15     | Identified a scroll of acquirement
 42726 | D:15     | Got the +5 lajatang of Floods {vorpal, rElec rF+ rC+ Str-2}
 42728 | D:15     | Identified the cursed +0 hunting sling "Oplewakh" {flame,
                  | rElec rF- Str+2 Int+3} (You found it on level 13 of the
                  | Dungeon)
 43242 | D:15     | Identified the +1 robe of Action {MR++}
 43624 | D:15     | Reached skill level 1 in Staves
 44654 | D:15     | Offered knowledge of Lee's Rapid Deconstruction by Vehumet.
 44716 | D:15     | Noticed a shadow dragon
 45823 | D:15     | Found a staircase to the Depths.
 46170 | Snake:1  | Entered Level 1 of the Snake Pit
 46298 | Snake:1  | Reached skill level 20 in Air Magic
 46813 | Snake:1  | Noticed Frances
 46829 | Snake:1  | Killed Frances
 46829 | Snake:1  | Reached skill level 15 in Spellcasting
 46829 | Snake:1  | Reached XP level 17. HP: 60/106 MP: 6/37
 47614 | Snake:1  | Noticed Agnes
 47620 | Snake:1  | Killed Agnes
 47620 | Snake:1  | Reached skill level 15 in Conjurations
 48093 | Snake:1  | Noticed Kirke
 48099 | Snake:1  | Killed Kirke
 48418 | Snake:2  | You are sucked into a shaft and drop 1 floor!
 48418 | Snake:3  | Noticed Bai Suzhen
 48428 | Snake:2  | Offered knowledge of Spellforged Servitor by Vehumet.
 49034 | Snake:2  | Reached skill level 5 in Staves
 50626 | Snake:3  | Noticed Asterion
 50791 | Snake:3  | Noticed Aizul
 50988 | Snake:4  | Entered Level 4 of the Snake Pit
 50992 | Snake:4  | Reached skill level 10 in Dodging
 51743 | Snake:3  | Killed Aizul
 52160 | Snake:4  | Shot with a bolt by a naga sharpshooter

Illustrated notes

Levels and vault maps discovered:
D:1:      psy_arrival_radial02, layout_basic
D:2:      layout_basic, grunt_temple_overflow_open, doesnt_xom_only_xom
D:3:      layout_rooms, lemuel_coloured_pillars_altar,
          nicolae_qazlal_eye_of_the_storm, serial_curves, eino_curves_04,
          eino_curves_01, uniq_crazy_yiuf_cottage, uniq_terence
D:4:      layout_rooms, old_standard_altar, kennysheep_mini_moat,
          ashenzari_conservatory_becter, led_sif_pool, first_ration,
          gammafunk_ghost_grave, corexii_checkpoint_b, uniq_robin
D:5:      layout_loops_ring, lightli_church_of_beogh
D:6:      layout_basic, minmay_temple_entry_junction_2, serial_bayou,
          serial_bayou_pond_a, serial_bayou_shore_a, serial_bayou_shore_b,
          serial_bayou_pond_a, minmay_pentangle, uniq_blork_the_orc,
          uniq_duvessa
D:7:      layout_gridville, basic_altar, serial_shops, shop,
          minmay_ruined_shrine, uniq_harold
D:8:      layout_loops_corners
D:9:      layout_irregular_city, david_lair_generic, uniq_erolcha, uniq_erica
D:10:     layout_irregular_city, orc_0_dummy, basic_altar,
          hangedman_little_slice_of_home, uniq_urug
D:11:     layout_basic
D:12:     layout_cave_pools
D:13:     layout_irregular_city
D:14:     layout_long_grid, hangedman_vaults_entry_quadrant_bands,
          minmay_misc_feat_encased
D:15:     grunt_enter_depths_snipers, layout_basic, serial_park_tiny_1
Temple:   nicolae_temple_god_jail
Lair:1:   statuecave_lemuel, layout_small_grid, portal_ice_cave_rime
Lair:2:   layout_chaotic_city, minmay_swamp_entry_reptiles, basic_altar,
          lemuel_fruit_tree
Lair:3:   layout_regular_city, minmay_snake_entry_guardpost_small,
          infiniplex_staircase_pool_2, serial_bayou_shore_b
Lair:4:   cheibrodos_lair_river_kwai, layout_cellular_growth,
          grunt_megastairs_3, uniq_nessos
Lair:5:   layout_loops_ring, slime_altar_1, beast_lair_carwin_10
Lair:6:   cheibrodos_lair_end_hotspot, layout_gridlike, minmay_lair_oklob_items,
          lemuel_fruit_fields
Snake:1:  layout_chambers, uniq_agnes, uniq_kirke, uniq_frances
Snake:2:  layout_chambers
Snake:3:  layout_cave_town, basic_altar, uniq_bai_suzhen, uniq_aizul,
          uniq_asterion
Snake:4:  johnstein_snake_rune_scales, layout_rooms, grunt_ministairs_2,
          serial_bayou_crossing
Orc:1:    layout_diamond_mine, serial_shops, nicolae_shop_trees, shop,
          bh_open_orc_temple, uniq_josephine
Orc:2:    st_orc_ogre_mass, layout_caves, serial_shops, shop,
          minmay_orc_treasury

Skill      XL: |  1  2  3  4  5  6  7  8  9 10 11 12 13 14 15 16 17 |
---------------+----------------------------------------------------+-----
Conjurations   | 2 3 4 5 7 8 10 11 12 13 14 15 | 15.3
Fighting       | 1 2 3 4 5 6 7 8 9 10 11 12 | 12.2
Air Magic      | 5 6 7 9 11 12 13 15 16 18 19 20 | 20.7
Spellcasting   | 3 4 5 6 7 9 10 11 12 13 14 15 | 15.4
Dodging        | 3 5 6 8 9 10 | 10.0
Shields        | 2 4 |  4.0
Staves         | 3 6 |  6.1
Stealth        | |  2.0

Action                   |  1- 3 |  4- 6 |  7- 9 | 10-12 | 13-15 | 16-18 || total
-------------------------+-------+-------+-------+-------+-------+-------++-------
Melee: Unarmed           |    15 |       |     8 |     7 |       |       ||    30
       Kick              |     4 |       |     3 |     2 |    16 |     5 ||    30
       Peck              |       |       |     1 |     3 |    12 |     3 ||    19
       Long sword        |       |       |       |       |    13 |     1 ||    14
       Lajatang          |       |       |       |       |       |    29 ||    29
 Cast: Shock             |    86 |   129 |   280 |   338 |    46 |       ||   879
       Airstrike         |       |     9 |    42 |   217 |   902 |   608 ||  1778
       Lightning Bolt    |       |       |       |     8 |    32 |    12 ||    52
       Conjure Ball Ligh |       |       |       |       |     1 |    36 ||    37
       Iron Shot         |       |       |       |       |       |     6 ||     6
 Abil: Fly               |       |     1 |       |       |       |       ||     1
Evoke: Wand              |       |       |       |     2 |     4 |     1 ||     7
       Tin of tremorston |       |       |       |       |     2 |       ||     2
  Use: Scroll            |       |       |    11 |     4 |    19 |     7 ||    41
       Potion            |       |       |       |       |       |     1 ||     1
  Eat: Chunk             |     5 |     7 |    16 |    29 |    40 |     9 ||   106
       Ration            |     1 |     1 |     3 |     2 |     4 |    12 ||    23
Armor: Robe              |     3 |     2 |     7 |    24 |    33 |    36 ||   105
       Leather armour    |       |       |     7 |       |       |       ||     7
Dodge: Dodged            |    14 |    30 |    87 |   111 |   173 |   150 ||   565
Block: Buckler           |       |       |       |       |     5 |    10 ||    15
       Rpst.: Long sword |       |       |       |       |    37 |     8 ||    45

Table legend:
 A = Non-vault XP
 B = Vault XP
 C = Vault XP percentage of total XP
 D = Non-vault monster count
 E = Vault monster count
 F = Vault count percentage of total count
                 A         B        C        D         E       F
            +---------+---------+-------+---------+---------+-------
      Total |  147739 |   80172 |  35.2 |     666 |     258 |  27.9
            +---------+---------+-------+---------+---------+-------
        D:1 |      34 |       0 |   0.0 |      19 |       0 |   0.0
        D:2 |      43 |       0 |   0.0 |      15 |       0 |   0.0
        D:3 |      94 |      77 |  45.0 |      21 |       4 |  16.0
        D:4 |     386 |      39 |   9.2 |      26 |      13 |  33.3
        D:5 |     586 |     486 |  45.3 |      14 |      25 |  64.1
        D:6 |    1028 |     689 |  40.1 |      25 |       9 |  26.5
        D:7 |     683 |    1119 |  62.1 |      15 |       7 |  31.8
        D:8 |    2022 |       0 |   0.0 |      25 |       0 |   0.0
        D:9 |    2418 |    2971 |  55.1 |      27 |       6 |  18.2
       D:10 |     513 |    1039 |  66.9 |       9 |       9 |  50.0
       D:11 |    5003 |       0 |   0.0 |      20 |       0 |   0.0
       D:12 |    5096 |       0 |   0.0 |      32 |       0 |   0.0
       D:13 |    6895 |       0 |   0.0 |      26 |       0 |   0.0
       D:14 |   16678 |    8504 |  33.8 |      45 |      19 |  29.7
       D:15 |   10307 |    2845 |  21.6 |      31 |       3 |   8.8
     Lair:1 |    2088 |    1149 |  35.5 |      11 |       3 |  21.4
     Lair:2 |    4203 |    1235 |  22.7 |      18 |       4 |  18.2
     Lair:3 |    7475 |     640 |   7.9 |      36 |       4 |  10.0
     Lair:4 |    8765 |    6049 |  40.8 |      19 |      14 |  42.4
     Lair:5 |    3322 |    2137 |  39.1 |       9 |       7 |  43.8
     Lair:6 |   14693 |    7204 |  32.9 |      47 |      26 |  35.6
    Snake:1 |   16850 |    7562 |  31.0 |      35 |       9 |  20.5
    Snake:2 |   12821 |       0 |   0.0 |      23 |       0 |   0.0
    Snake:3 |   12803 |    1647 |  11.4 |      20 |       1 |   4.8
    Snake:4 |    2588 |    1036 |  28.6 |       5 |       2 |  28.6
      Orc:1 |    7331 |    4888 |  40.0 |      46 |      13 |  22.0
      Orc:2 |    3014 |   28856 |  90.5 |      47 |      80 |  63.0
            +---------+---------+-------+---------+---------+-------
